AoeStats
← sermarqu

Black Forest

510175277Analyzed
3v3 RM · 2d ago on Sep 29, 2026· 100m 57s· 6 players
Game mode
Random Map
Map size
Normal (6 player)
Population
200
Speed
Normal
Resources
Standard
Victory
Conquest
Starting age
Dark Age
Ending age
Imperial Age
RankedLock teamsTeams togetherTeam positionsShared explorationLock speedFull tech treeHidden civsTurbo modeCheats
Victory
Defeat
🇪🇸 Spanish · Spain
642
+25
🇪🇸 Turks · Spain
489
+14
🇪🇸 Italians · Spain
488
+14
🇰🇬 Bohemians · Kyrgyzstan
491
-23
🇩🇪 Slavs · Germany
427
-11
🇰🇬 Teutons · Kyrgyzstan
427
-11
RaphiniaOneLove
10:46 Feudal Age
12:12 Wheelbarrow
12:13 Double-Bit Axe
12:26 Loom
12:58 Horse Collar
13:29 Loom
17:19 Stone Mining
17:19 Gold Mining
22:07 Castle Age
24:31 Heavy Plow
24:45 Bow Saw
26:53 Hand Cart
29:13 Caravan
29:43 Coinage
30:10 Stone Shaft Mining
36:46 Imperial Age
35:11 Ballistics
37:38 Scale Mail Armor
37:49 Forging
37:47 Loom
38:53 Banking
38:34 Guilds
38:39 Pikeman
39:19 Squires
39:05 Arson
39:06 Gambesons
38:59 Elite Teutonic Knight
40:00 Ironclad
41:18 Halberdier
42:19 Onager
43:56 Chain Mail Armor
44:16 Iron Casting
44:03 Fortified Wall
44:53 Chemistry
44:05 Masonry
45:58 Plate Mail Armor
45:01 Siege Onager
45:38 Heated Shot
47:02 Crop Rotation
47:41 Two-Man Saw
50:16 Siege Engineers
69:31 Sappers
70:24 Conscription
70:41 Hoardings
81:55 Man-at-Arms
95:17 Blast Furnace
kurmanaliev969
12:14 Feudal Age
12:49 Double-Bit Axe
20:47 Horse Collar
24:14 Castle Age
25:01 Heavy Plow
25:15 Bow Saw
28:03 Gold Mining
28:04 Stone Mining
30:29 Caravan
35:25 Imperial Age
33:14 Detinets
33:01 Elite Skirmisher
34:29 Wheelbarrow
35:35 Hand Cart
35:59 Fortified Wall
36:17 Ballistics
37:54 Two-Man Saw
38:01 Padded Archer Armor
38:32 Fletching
38:15 Elite Boyar
40:36 Onager
42:26 Gold Shaft Mining
42:34 Leather Archer Armor
42:16 Bodkin Arrow
43:06 Conscription
43:24 Hoardings
44:42 Scale Barding Armor
44:38 Scale Mail Armor
45:43 Siege Onager
48:49 Chain Barding Armor
49:01 Ring Archer Armor
50:21 Sappers
50:47 Crossbowman
56:19 Plate Barding Armor
57:46 Capped Ram
59:56 Siege Ram
67:26 Heavy Cavalry Archer
95:07 Chain Mail Armor
95:03 Forging
Karcoza
12:24 Feudal Age
14:24 Double-Bit Axe
17:47 Fletching
20:54 Castle Age
21:05 Padded Archer Armor
22:02 Bow Saw
21:43 Elite Skirmisher
21:46 Crossbowman
22:28 Horse Collar
24:53 Heavy Plow
28:25 Pikeman
29:06 Squires
32:26 Wheelbarrow
32:12 Arson
31:57 Man-at-Arms
33:07 Wagenburg Tactics
37:12 Imperial Age
35:07 Hand Cart
39:21 Sappers
39:40 Elite Hussite Wagon
40:58 Fervor
41:01 Redemption
40:59 Caravan
42:12 Ballistics
42:52 Chemistry
44:46 Two-Man Saw
44:56 Leather Archer Armor
44:36 Bodkin Arrow
44:52 Forging
44:48 Scale Mail Armor
45:18 Arbalester
45:33 Arbalester
46:52 Conscription
46:54 Halberdier
46:55 Long Swordsman
47:31 Loom
54:00 Masonry
53:59 Siege Engineers
54:06 Fortified Wall
53:42 Arrowslits
54:45 Hussite Reforms
55:08 Sanctity
55:19 Illumination
55:13 Block Printing
55:41 Theocracy
59:42 Bracer
60:12 Ring Archer Armor
60:18 Iron Casting
59:59 Chain Mail Armor
64:35 Bombard Tower
64:47 Architecture
64:15 Murder Holes
66:58 Two-Handed Swordsman
68:30 Devotion
69:11 Houfnice
71:16 Onager
72:16 Champion
85:20 Onager
Princesa Ico
12:12 Feudal Age
13:47 Double-Bit Axe
14:53 Man-at-Arms
15:28 Horse Collar
16:13 Man-at-Arms
18:20 Loom
19:10 Forging
22:43 Wheelbarrow
25:24 Castle Age
23:39 Gold Mining
25:11 Scale Mail Armor
24:36 Man-at-Arms
26:58 Long Swordsman
28:32 Stone Mining
30:24 Stone Shaft Mining
34:45 Iron Casting
34:30 Hand Cart
34:40 Bow Saw
44:12 Imperial Age
43:00 Murder Holes
43:15 Scale Barding Armor
43:16 Squires
43:21 Husbandry
43:38 Bloodlines
43:59 Chain Mail Armor
46:33 Fervor
47:51 Chemistry
47:16 Chain Barding Armor
46:22 Two-Handed Swordsman
46:30 Cavalier
50:30 Plate Barding Armor
50:58 Blast Furnace
50:29 Plate Mail Armor
49:26 Champion
49:55 Gambesons
49:59 Arson
51:12 Elite Conquistador
53:56 Hoardings
54:36 Supremacy
54:22 Sappers
56:06 Ballistics
56:02 Masonry
56:00 Fletching
60:56 Paladin
63:11 Architecture
IMPERATORCXI
6:02 Loom
11:40 Feudal Age
12:15 Double-Bit Axe
12:37 Horse Collar
16:04 Fletching
22:09 Castle Age
21:49 Stone Mining
21:51 Gold Mining
22:52 Wheelbarrow
23:59 Bow Saw
23:52 Heavy Plow
25:58 Silk Road
26:53 Caravan
29:51 Stone Shaft Mining
29:51 Fletching
30:16 Fortified Wall
30:39 Thumb Ring
30:37 Padded Archer Armor
30:39 Squires
31:29 Town Watch
31:31 Treadmill Crane
34:00 Town Patrol
36:42 Imperial Age
34:05 Pikeman
34:08 Elite Skirmisher
36:03 Ballistics
35:54 Masonry
35:45 Bodkin Arrow
36:02 Forging
37:23 Bracer
39:09 Conscription
38:57 Devotion
40:09 Hand Cart
41:24 Crop Rotation
42:04 Chemistry
42:46 Two-Man Saw
43:09 Iron Casting
42:34 Scale Mail Armor
42:40 Scale Barding Armor
42:50 Leather Archer Armor
43:49 Hoardings
45:33 Pirotechnia
44:45 Elite Genoese Crossbowman
47:09 Ring Archer Armor
47:40 Blast Furnace
46:55 Chain Mail Armor
47:00 Chain Barding Armor
48:32 Architecture
48:00 Murder Holes
50:18 Faith
52:47 Plate Mail Armor
52:52 Plate Barding Armor
68:59 Guard Tower
68:55 Arrowslits
71:18 Husbandry
71:29 Bloodlines
70:39 Cavalier
70:40 Light Cavalry
73:39 Hussar
sermarqu
3:57 Loom
13:05 Feudal Age
13:46 Horse Collar
16:55 Wheelbarrow
19:20 Double-Bit Axe
24:25 Castle Age
23:13 Stone Mining
30:17 Scale Barding Armor
31:54 Gold Mining
34:57 Chain Barding Armor
41:00 Imperial Age
39:05 Ballistics
39:11 Heavy Plow
39:41 Padded Archer Armor
41:30 Masonry
42:35 Atonement
42:47 Redemption
42:54 Fervor
43:13 Elite Janissary
45:04 Fortified Wall
45:10 Town Watch
49:34 Conscription
49:50 Murder Holes
50:32 Architecture
50:39 Hand Cart
51:00 Town Patrol
50:53 Treadmill Crane
52:39 Plate Barding Armor
52:24 Leather Archer Armor
52:21 Forging
52:01 Fletching
53:20 Devotion
53:58 Theocracy
54:55 Arrowslits
59:05 Iron Casting
59:39 Guard Tower
60:10 Bombard Tower
59:13 Heavy Camel Rider
63:43 Capped Ram
78:23 Ring Archer Armor
78:54 Blast Furnace
92:07 Husbandry
98:33 Keep
Connection lost

Rejoining the realm…

Still unreachable

The connection could not be restored.

Session expired

The server has moved on; the page needs a fresh start.